proof1

Match 22770989
End
Royal Engineer Section
Construct Section Command Post
Infantry Section
Vickers Machine Gun Team
ML 3-inch Mortar Team
Infantry Section
Dingo Light Scout Car
Construct Platoon Command Post
Infantry Section
Selects Indian Artillery Battlegroup
Selects Valour
Infantry Training
Selects Gurkha Rifles Section
Gurkha Rifles Section
Construct Company Command Post
CMP 15cwt Truck
Grenade Package
Selects Pillage
6-pounder Anti-tank Gun Team
Crusader II Medium Tank
6-pounder Anti-tank Gun Team
Darbesky
Volare
SPACE!
银河棒球侠
0
0

Comments sign in to comment!

No comments posted yet!